 Dungeon Crawl Stone Soup version 0.19.5 (webtiles) character file.

195 McKennaii the Gusty (level 5, -4/31 HPs)
             Began as a High Elf Air Elementalist on Apr 21, 2017.
             Killed by divine providence
             ... invoked by an orc priest
              (16 damage)
             ... on level 3 of the Dungeon.
             The game lasted 00:04:54 (2802 turns).

McKennaii the Gusty (High Elf Air Elementalist)     Turns: 2802, Time: 00:04:54

Health: -4/31      AC:  3    Str:  7    XL:     5   Next: 45%
Magic:  11/12      EV: 13    Int: 19    God:
Gold:   106        SH:  3    Dex: 16    Spells: 3 memorised, 7 levels left

rFire  . . .     SeeInvis .     w - staff of air
rCold  . . .     Gourm    .     a - +0 robe
rNeg   . . .     Faith    .     (no shield)
rPois  .         Spirit   .     (no helmet)
rElec  +         Reflect  +     (no cloak)
rCorr  .         Harm     .     p - +0 pair of gloves
MR     .....                    (no boots)
Stlth  ++........               g - +3 amulet of reflection
                                (no ring)
                                (no ring)

@: no status effects
A: no striking features
a: no special abilities


You were on level 3 of the Dungeon.
You were not hungry.

You visited 1 branch of the dungeon, and saw 3 of its levels.

You collected 106 gold pieces.

Inventory:

Armour
 a - a +0 robe (worn)
 p - a +0 pair of gloves (worn)
Magical Staves
 w - an uncursed staff of air (weapon)
Jewellery
 g - a +3 amulet of reflection (around neck)
 i - an uncursed amulet of rage {unknown}
 m - an uncursed ring of magical power {unknown}
 u - a +3 ring of intelligence {unknown}
Scrolls
 d - 8 scrolls of identify {unknown}
 e - a scroll of amnesia {unknown}
 j - a scroll of noise {unknown}
 k - 4 scrolls of enchant armour {unknown}
 r - a scroll of remove curse {unknown}
 t - a scroll of teleportation {unknown}
Potions
 h - a potion of magic {unknown}
 l - 2 potions of degeneration {unknown}
 o - 2 potions of curing {unknown}
 q - a potion of heal wounds {unknown}
 s - a potion of might {unknown}
 v - a potion of brilliance {unknown}
 x - a potion of flight {unknown}
Books
 b - a book of Air

   Spells                             Type                      Level
   a - Shock                          Conjuration/Air              1
   b - Swiftness                      Charms/Air                   2
   c - Repel Missiles                 Charms/Air                   2
   d - Static Discharge               Conjuration/Air              3
   e - Lightning Bolt                 Conjuration/Air              5
Comestibles
 c - a bread ration
 f - 8 fruits
 n - a meat ration


   Skills:
 + Level 2.6 Dodging
 + Level 2.6 Stealth
 + Level 4.2 Spellcasting
 + Level 2.5 Conjurations
 + Level 5.2 Air Magic


You had 7 spell levels left.
You knew the following spells:

 Your Spells              Type           Power        Failure   Level  Hunger
a - Shock                 Conj/Air       ####         3%          1    None
b - Swiftness             Chrm/Air       ###.....     10%         2    #......
c - Repel Missiles        Chrm/Air       ###...       10%         2    #......


Dungeon Overview and Level Annotations

Branches:
Dungeon (3/15)

Altars:


Message History

The orc is severely wounded.
The zap hits the orc.
You kill the orc!
You start resting.
Magic restored.
The orc priest shouts!
Things that are here:
a short sword; an orc corpse An orc priest is nearby!
Casting: Shock
Confirm with . or Enter, or press ? or * to list all spells.
Aiming: Shock
Press: ? - help, Shift-Dir - straight line, f - orc priest
Aim: an orc priest, wielding a hand axe and wearing a leather armour You feel a surge of power!
The zap hits the orc priest.
The orc priest is heavily wounded.
The orc priest calls down the wrath of Beogh upon you.
Beogh smites you!
Ouch! That really hurt!
You die...

.......# #.# #..#.# #.
o.o....# #)# #..#.# #.
####.#.#
#.########..#.# #.
#.#o#
###...........#.#####.
####.#.#
#............##.......
.....#o#
#.#########..######.#.
######.# #.#
#######..# #... #
#...# #.# #........#
##.. # #.###
#.###@#####.## #.. #o#
#...........# #.. #.#
#####.####### #.. #
#.# #)# #.. # #o# #.#
#.. # #.# #.# #..
####.# #o# #.. ..##.#
#.# #.. .....# #.# #..


You could see an orc priest.

Vanquished Creatures
  3 orc priests (D:3)
  3 adders (D:2)
  2 worms
  A dart slug (D:1)
  A leopard gecko (D:3)
  12 orcs
  4 bats
  A giant cockroach (D:2)
  8 goblins
  8 hobgoblins
  3 jackals (D:2)
  6 kobolds
  A frilled lizard (D:2)
  7 rats
60 creatures vanquished.

Notes
Turn   | Place    | Note
-------+----------+-------------------------------------------
     0 | D:1      | McKennaii the High Elf Air Elementalist began the quest for the Orb.
     0 | D:1      | Reached XP level 1. HP: 11/11 MP: 4/4
    68 | D:1      | Reached skill level 4 in Air Magic
   321 | D:1      | Reached XP level 2. HP: 17/17 MP: 2/6
   669 | D:1      | You fall through a shaft!
   811 | D:1      | Reached XP level 3. HP: 21/21 MP: 5/8
   873 | D:2      | Learned a level 2 spell: Swiftness
   876 | D:2      | Learned a level 2 spell: Repel Missiles
  1536 | D:2      | Reached XP level 4. HP: 27/27 MP: 3/10
  2288 | D:3      | Reached skill level 5 in Air Magic
  2319 | D:3      | Reached XP level 5. HP: 31/31 MP: 3/12
  2802 | D:3      | Killed from afar by an orc priest

Skill      XL: |  1  2  3  4 |
---------------+-------------+-----
Air Magic      | 4 5 |  5.2
Spellcasting   | 3 4 |  4.2
Conjurations   | 2 |  2.5
Dodging        | |  2.6
Stealth        | |  2.6

Action                   |  1- 3 |  4- 6 || total
-------------------------+-------+-------++-------
Melee: Unarmed           |    14 |       ||    14
 Cast: Shock             |    75 |    57 ||   132
  Eat: Bread ration      |     1 |       ||     1
       Fruit             |       |     2 ||     2
       Pizza             |       |     1 ||     1
Armor: Robe              |     4 |     1 ||     5
Dodge: Dodged            |    15 |     8 ||    23
Block: Other             |       |     1 ||     1
